 Dungeon Crawl Stone Soup version 0.30-a0-711-gf4ac18a38d (webtiles) character file.

Game seed: 14897194743264660017

98 Angani the Poker (level 4, -3/36 HPs)
             Began as a Draconian Warper on Jan 23, 2023.
             Slain by a gnoll
             ... wielding a +0 flail
              (4 damage)
             ... on level 2 of the Dungeon.
             The game lasted 00:03:10 (1724 turns).

Angani the Poker (Draconian Warper)                 Turns: 1724, Time: 00:03:11

Health: -3/36      AC:  6    Str: 15    XL:     4   Next: 43%
Magic:  7/7        EV: 12    Int: 14    God:
Gold:   58         SH:  0    Dex: 10    Spells: 7/7 levels left

rFire   . . .      SeeInvis .    a - +0 spear
rCold   + . .      Faith    .    (no shield)
rNeg    . . .      Spirit   .    (body armour unavailable)
rPois   .          Reflect  .    (helmet restricted)
rElec   .          Harm     .    (no cloak)
rCorr   .          Rampage  .    f - +0 pair of gloves
Will    .....                    (no boots)
Stlth   +                        (no amulet)
HPRegen 0.26/turn                i - ring of protection from cold
MPRegen 0.10/turn                (no ring)

@: no status effects
A: AC +5, unfitting armour, cold-blooded
a: no special abilities


You were on level 2 of the Dungeon.
You visited 1 branch of the dungeon, and saw 2 of its levels.

You collected 58 gold pieces.

Inventory:

Hand Weapons
 a - a +0 spear (weapon)
Armour
 f - a +0 pair of gloves (worn)
Jewellery
 i - a ring of protection from cold (left hand)
Scrolls
 b - 2 scrolls of blinking
 g - a scroll of immolation
 j - a scroll of enchant armour
Potions
 d - a potion of cancellation
 e - 2 potions of curing
 h - 2 potions of brilliance {unknown}
 l - 2 potions of might {unknown}
 m - a potion of lignification {unknown}


   Skills:
 - Level 2.1 Fighting
 + Level 3.1 Polearms
 + Level 2.3 Throwing
 + Level 3.0 Dodging
 - Level 2.0 Spellcasting
 - Level 3.0 Translocations


You had 7 spell levels left.
You didn't know any spells.
Your spell library contained the following spells:

 Spells                   Type           Power      Damage    Failure   Level
 Blink                    Tloc           18%        N/A       11%         2
 Lesser Beckoning         Tloc           18%        N/A       11%         2
 Teleport Other           Tloc           9%         N/A       21%         3
 Vhi's Electric Charge    Tloc/Air       10%        N/A       36%         3
 Kindle Blastsparks       Fire/Tloc/Air  8%         2d10      43%         3
 Manifold Assault         Tloc           9%         N/A       56%         4
 Iskenderun's Mystic Bla  Conj/Tloc      5%         2d3       77%         4
 Fulminant Prism          Conj/Hex       0%         3d5       93%         4
 Lee's Rapid Deconstruct  Erth           0%         3d4*      100%        5


Dungeon Overview and Level Annotations

Branches:
Dungeon (2/15)

Altars:


Innate Abilities, Weirdness & Mutations

Your plain brown scales are hard. (AC +5)
You cannot fit into any form of body armour.
You are cold-blooded and may be slowed by cold attacks.


Message History

Throw: 6 boomerangs (disperse)
Press: ? - help, Q - select action Shift-Dir - straight line, f - gnoll
Aim: a gnoll, wielding a +0 flail (translocational energy, 61% to hit)
You throw a boomerang of dispersal.
The boomerang of dispersal barely misses the gnoll.
The gnoll splashes around in the water.
Throw: 5 boomerangs (disperse)
Press: ? - help, Q - select action Shift-Dir - straight line, f/p - gnoll
Aim: a gnoll, wielding a +0 flail (61% to hit)
You throw a boomerang of dispersal.
The boomerang of dispersal hits the gnoll but does no damage.
The gnoll barely misses you.
Throw: 4 boomerangs (disperse)
Press: ? - help, Q - select action Shift-Dir - straight line, f/p - gnoll
Aim: a gnoll, wielding a +0 flail (61% to hit)
You throw a boomerang of dispersal.
The boomerang of dispersal barely misses the gnoll.
The gnoll splashes around in the water.
Throw: 3 boomerangs (disperse)
Press: ? - help, Q - select action Shift-Dir - straight line, f/p - gnoll
Aim: a gnoll, wielding a +0 flail (61% to hit)
You throw a boomerang of dispersal.
The boomerang of dispersal closely misses the gnoll.
The gnoll hits you with a +0 flail.
* * * LOW HITPOINT WARNING * * *
Throw: 2 boomerangs (disperse)
Press: ? - help, Q - select action Shift-Dir - straight line, f/p - gnoll
Aim: a gnoll, wielding a +0 flail (61% to hit)
You throw a boomerang of dispersal.
The boomerang of dispersal barely misses the gnoll.
The gnoll hits you but does no damage.
Throw: boomerang (disperse)
Press: ? - help, Q - select action Shift-Dir - straight line, f/p - gnoll
Aim: a gnoll, wielding a +0 flail (61% to hit)
You throw a boomerang of dispersal.
The boomerang of dispersal closely misses the gnoll.
The gnoll hits you with a +0 flail!
* * * LOW HITPOINT WARNING * * *
The gnoll hits you with a +0 flail.
You die...

....#### .......
#....##
#######.....###
#...~....).~~~~
#~≈≈≈≈≈~≈≈≈≈≈~≈
#.≈♣♣♣≈.≈♣♣♣≈~≈
#.≈ ♣≈g≈♣ ≈.≈
.~≈♣♣♣≈@≈♣♣♣≈.≈
..~≈≈≈≈≈.≈≈≈≈≈.≈
.~~.~~~~.~~~~..
~
#.≈≈≈≈≈.≈≈≈≈≈.≈
≈
#~≈♣♣♣≈~≈♣♣♣≈.≈
♣ #.≈♣ ♣≈.≈♣ ≈~≈
~ ♣
#~≈♣♣♣≈~≈♣♣♣≈~≈
~≈♣♣♣
#~≈≈≈≈≈.≈≈≈≈≈.≈
.≈≈≈≈
#~.~...~~..~~.~
..~.~


You could see a gnoll.

Vanquished Creatures
  3 gnolls (D:2)
  4 dart slugs
  3 ball pythons
  A bat (D:2)
  4 endoplasms
  3 giant cockroaches
  2 goblins (D:2)
  9 hobgoblins
  8 jackals (D:1)
  5 quokkas
  5 kobolds
  8 rats
55 creatures vanquished.

Notes
Turn   | Place    | Note
-------+----------+-------------------------------------------
     0 | D:1      | Angani the Draconian Warper began the quest for the Orb.
     0 | D:1      | Reached XP level 1. HP: 17/17 MP: 3/3
    75 | D:1      | Reached skill level 1 in Throwing
   159 | D:1      | Reached XP level 2. HP: 21/24 MP: 5/5
   626 | D:1      | Reached XP level 3. HP: 27/29 MP: 6/6
  1514 | D:2      | Reached XP level 4. HP: 36/36 MP: 7/7
  1724 | D:2      | HP: 1/36 [gnoll/+0 flail (9)]
  1724 | D:2      | Slain by a gnoll

Illustrated notes

Levels and vault maps discovered:
D:1:      dpeg_arrival_orchard, layout_loops_ring, minmay_quantized
D:2:      layout_basic, chequers_hall_statues_corner_a, kennysheep_boxes

Skill      XL: |  1  2  3  4 |
---------------+-------------+-----
Throwing       | 1 2 |  2.3
Polearms       | 3 |  3.1
Dodging        | 3 |  3.0
Fighting       | |  2.1
Spellcasting   | |  2.0
Translocations | |  3.0

Action                     |  1- 3 |  4- 6 || total
---------------------------+-------+-------++-------
  Melee: Spear             |   183 |    58 ||   241
         Tailslap          |    15 |     3 ||    18
         Punch             |     2 |       ||     2
  Throw: Boomerang         |       |     7 ||     7
    Use: Scroll            |     7 |     1 ||     8
   Stab: Sleeping          |     2 |       ||     2
 Armour: Skin              |    58 |    10 ||    68
  Dodge: Dodged            |   114 |    22 ||   136

Table legend: (Time is in decaauts)
 A = Elapsed time spent in this place.
 B = Non-inter-level travel time spent in this place.
 C = Inter-level travel time spent in this place.
 D = Time resting spent in this place.
 E = Time spent auto-exploring this place.
 F = Levels seen in this place.
 G = Mean time per level.
                   A        B        C        D        E       F      G
               +--------+--------+--------+--------+--------+-----+--------+
         Total |   1728 |   1679 |     49 |    174 |   1020 |   2 |  864.0 |
       Dungeon |   1728 |   1679 |     49 |    174 |   1020 |   2 |  864.0 |
               +--------+--------+--------+--------+--------+-----+--------+

Top non-repeatable levels by time:
     D:1: 1017 daAuts
     D:2: 710 daAuts
